AoeStats
← El Plom9721

Fortress

510946262Analyzed
1v1 RM · 8h ago on Oct 3, 2026· 82m 16s· 2 players
Game mode
Random Map
Map size
Small (3 player)
Population
200
Speed
Normal
Resources
Standard
Victory
Conquest
Starting age
Dark Age
Ending age
Imperial Age
RankedLock teamsTeams togetherTeam positionsShared explorationLock speedFull tech treeHidden civsTurbo modeCheats
Victory
Defeat
🇦🇷 Spanish · Argentina
904
+16
🇨🇴 Turks · Colombia
902
-16
Fulgur
8:25 Feudal Age
9:30 Double-Bit Axe
10:44 Forging
16:16 Castle Age
20:47 Imperial Age
20:53 Imperial Age
20:28 Loom
27:27 Fletching
33:05 Bow Saw
36:22 Conscription
38:28 Gold Mining
39:37 Wheelbarrow
38:47 Town Watch
41:08 Bodkin Arrow
41:44 Padded Archer Armor
53:07 Husbandry
53:17 Bloodlines
53:38 Ballistics
53:01 Treadmill Crane
53:16 Murder Holes
53:42 Bombard Tower
53:33 Fortified Wall
53:34 Masonry
55:02 Scale Barding Armor
55:51 Cavalier
58:50 Thumb Ring
60:21 Leather Archer Armor
74:34 Heavy Camel Rider
75:51 Heavy Camel Rider
El Plom9721
2:33 Loom
7:13 Feudal Age
10:51 Castle Age
9:44 Double-Bit Axe
9:49 Horse Collar
10:57 Loom
18:32 Gold Mining
35:39 Imperial Age
37:58 Bow Saw
37:54 Heavy Plow
40:15 Elite Conquistador
46:32 Conscription
46:25 Stone Mining
48:38 Husbandry
58:39 Chemistry
Connection lost

Rejoining the realm…

Still unreachable

The connection could not be restored.

Session expired

The server has moved on; the page needs a fresh start.